 Dungeon Crawl Stone Soup version 0.25-a0-44-g29a1220a87 (webtiles) character file.

Game seed: 4610027407022580788, levelgen mode: deterministic

48 Iscandelvey the Vexing (level 3, -1/26 HPs)
             Began as a Demonspawn Arcane Marksman on Oct 25, 2019.
             Slain by Crazy Yiuf
             ... wielding a +4 quarterstaff of chaos
              (8 damage)
             ... on level 2 of the Dungeon.
             The game lasted 00:06:37 (1119 turns).

Iscandelvey the Vexing (Demonspawn Arcane Marksman) Turns: 1119, Time: 00:06:38

Health: -1/26      AC: 22    Str: 10    XL:     3   Next: 50%
Magic:  5/5        EV: 10    Int: 15    God:
Gold:   2          SH:  0    Dex: 13    Spells: 3/4 levels left

rFire    . . .     SeeInvis .   t - +0 mace (protect)
rCold    . . .     Gourm    .   (no shield)
rNeg     . . .     Faith    .   b - +4 ring mail
rPois    .         Spirit   .   l - +0 helmet
rElec    .         Reflect  .   (no cloak)
rCorr    .         Harm     .   (no gloves)
MR       .....                  j - +2 pair of boots
Stlth    +.........             (no amulet)
HPRegen  0.08/turn              (no ring)
MPRegen  0.09/turn              (no ring)

@: lethally poisoned (-1 -> -5), protection aura, drained
A: molten scales 1, powered by pain 1
a: no special abilities


You were on level 2 of the Dungeon.
You were hungry.

You visited 1 branch of the dungeon, and saw 2 of its levels.

You collected 2 gold pieces.

Inventory:

Hand Weapons
 a - a +0 hunting sling
 m - a +0 dagger
 t - a +0 mace of protection (weapon)
Missiles
 g - 13 poisoned darts (quivered)
 o - 11 sling bullets
 p - a stone
Armour
 b - a +4 ring mail (worn)
 e - a +0 robe
 j - a +2 pair of boots (worn)
 l - a +0 helmet (worn)
 q - a +0 hat
Jewellery
 i - a +4 amulet of reflection {unknown}
Scrolls
 h - 2 scrolls of remove curse {unknown}
 r - a scroll of teleportation {unknown}
Potions
 c - a potion of curing {unknown}
 k - 3 potions of heal wounds {unknown}
 n - a potion of ambrosia {unknown}
 s - a potion of resistance {unknown}
Comestibles
 d - 5 chunks of flesh
 f - 3 rations


   Skills:
 + Level 1.5(0.9) Fighting
 - Level 1.7(1.4) Slings
 * Level 1.6(1.4) Throwing
 + Level 2.1(1.4) Dodging
 + Level 1.4(0.8) Spellcasting
 + Level 3.2(2.5) Hexes


You had 3 spell levels left.
You knew the following spells:

 Your Spells              Type           Power        Failure   Level  Hunger
a - Corona                Hex            #......      22%         1    ##.....

Your spell library contained the following spells:

 Spells                   Type           Power        Failure   Level  Hunger
 Slow                     Hex            #.......     34%         2    ###....
 Inner Flame              Hex/Fire       #.......     75%         3    ####...
 Portal Projectile        Hex/Tloc       #.....       75%         3    ####...
 Cause Fear               Hex            #.........   92%         4    #####..
 Leda's Liquefaction      Hex/Erth       #.........   98%         4    #####..


Dungeon Overview and Level Annotations

Branches:
Dungeon (2/15)

Altars:

Annotations:
D:2 Crazy Yiuf


Innate Abilities, Weirdness & Mutations

You are partially covered in molten scales. (AC +2)
You sometimes gain a little power by taking damage.


Message History

You hit Crazy Yiuf.
Crazy Yiuf is severely wounded.
You are feeling hungry.
You feel sick. Crazy Yiuf hits you but does no damage.
You hit Crazy Yiuf.
Crazy Yiuf is severely wounded.
Crazy Yiuf yells, "Shadow!
East action canine."
Crazy Yiuf hits you but does no damage.
You hit Crazy Yiuf.
Crazy Yiuf is almost dead.
Crazy Yiuf hits you with a +4 quarterstaff of chaos.
* * * LOW HITPOINT WARNING * * *
Crazy Yiuf hits you but does no damage.
You barely miss Crazy Yiuf.
Crazy Yiuf is severely wounded.
You feel sick. Crazy Yiuf hits you but does no damage.
You feel drained.
You hit Crazy Yiuf but do no damage.
Crazy Yiuf is severely wounded.
Crazy Yiuf hits you but does no damage.
You are electrocuted!
You die...

#.[...... #........
#........ #........
#........
♣♣♣♣♣##........ ###
♣♣♣.♣.)))........
#...#♣..♣.))))).......
#(..g@♣♣♣♣.)))........
#)..#♣♣ ♣♣))))#######
### ♣♣####


You could see Crazy Yiuf.

Vanquished Creatures
  Jessica (D:2)
  A worm (D:2)
  A leopard gecko (D:1)
  3 giant cockroaches (D:1)
  3 goblins
  2 bats (D:1)
  2 frilled lizards
  5 kobolds (D:1)
  3 rats (D:1)
21 creatures vanquished.

Notes
Turn   | Place    | Note
-------+----------+-------------------------------------------
     0 | D:1      | Iscandelvey the Demonspawn Arcane Marksman began the quest
                  | for the Orb.
     0 | D:1      | Reached XP level 1. HP: 15/15 MP: 2/2
   362 | D:1      | Gained mutation: You are partially covered in molten
                  | scales. (AC +2) [demonic ancestry]
   362 | D:1      | Reached XP level 2. HP: 21/21 MP: 3/3
   513 | D:1      | Reached skill level 1 in Throwing
   896 | D:2      | Noticed Jessica
   902 | D:2      | Killed Jessica
   902 | D:2      | Gained mutation: You sometimes gain a little power by
                  | taking damage. [demonic ancestry]
   902 | D:2      | Reached XP level 3. HP: 26/26 MP: 3/5
  1095 | D:2      | Found a runed translucent door.
  1102 | D:2      | Noticed Crazy Yiuf
  1119 | D:2      | Slain by Crazy Yiuf

Levels and vault maps discovered:
D:1:      minmay_arrival_up_and_down, layout_loops_ring, solitary_fountain
D:2:      minmay_spotlight, layout_basic, uniq_natasha, uniq_crazy_yiuf_cottage,
          uniq_jessica

Skill      XL: |  1  2 |
---------------+-------+-----
Throwing       | 1 |  1.6
Dodging        | 2 |  2.1
Fighting       | |  1.5
Slings         | |  1.7
Spellcasting   | |  1.4
Hexes          | |  3.2

Action                   || total
-------------------------++-------
Melee: Mace              ||    12
 Fire: Hunting sling     ||    84
Throw: Dart              ||    21
Armor: Ring mail         ||    22
       Robe              ||     1
Dodge: Dodged            ||    36

Table legend:
 A = Non-vault XP
 B = Vault XP
 C = Vault XP percentage of total XP
 D = Non-vault monster count
 E = Vault monster count
 F = Vault count percentage of total count
                 A         B        C        D         E       F
            +---------+---------+-------+---------+---------+-------
      Total |      32 |      37 |  53.6 |      20 |       1 |   4.8
            +---------+---------+-------+---------+---------+-------
        D:1 |      24 |       0 |   0.0 |      17 |       0 |   0.0
        D:2 |       8 |      37 |  82.2 |       3 |       1 |  25.0
            +---------+---------+-------+---------+---------+-------
